 Dungeon Crawl Stone Soup version 0.30.0-16-gbe6223bb7e (webtiles) character file.

Game seed: 13534729721464621537

1565 dialectric the Slasher (level 8, -1/51 HPs)
             Began as a Gargoyle Gladiator on May 20, 2023.
             Was a Believer of Qazlal.
             Slain by a boulder beetle (18 damage)
             ... on level 8 of the Dungeon.
             The game lasted 00:12:24 (6729 turns).

dialectric the Slasher (Gargoyle Gladiator)         Turns: 6729, Time: 00:12:25

Health: -1/51      AC: 22    Str: 20    XL:     8   Next: 89%
Magic:  8/8        EV:  9    Int:  9    God:    Qazlal [**....]
Gold:   463        SH:  8    Dex: 17    Spells: 7/7 levels left

rFire   . . .        D - +2 dagger (venom)
rCold   . . .        (no shield)
rNeg    + . .        y - +1 chain mail {Will+}
rPois   ∞            c - +0 helmet
rElec   +            (no cloak)
rCorr   .            z - +0 pair of gloves
SInv    .            (no boots)
Will    +....        g - amulet of reflection Stlth
                     q - +4 ring of protection
HPRegen 0.28/turn    w - +6 ring of dexterity
MPRegen 0.11/turn

%: reflection
@: no status effects
A: sickness immunity, AC +5, negative energy resistance 1, electricity
resistance, torment resistance 1, petrification resistance
a: Renounce Religion, Upheaval


You were on level 8 of the Dungeon.
You worshipped Qazlal.
Qazlal was pleased with you.
You visited 1 branch of the dungeon, and saw 8 of its levels.

You collected 463 gold pieces.

Inventory:

Hand Weapons
 a - a +0 long sword
 p - a +0 morningstar
 D - a +2 dagger of venom (weapon)
Missiles
 d - a throwing net
 x - a javelin (quivered)
 C - 5 poisoned darts
Armour
 c - a +0 helmet (worn)
 y - a +1 chain mail of willpower (worn)
 z - a +0 pair of gloves (worn)
 F - a +0 plate armour
Jewellery
 g - an amulet of reflection (around neck)
 q - a +4 ring of protection (left hand)
 w - a +6 ring of dexterity (right hand)
Wands
 t - a wand of flame (3)
 B - a wand of digging (5)
Scrolls
 b - a scroll of vulnerability {unknown}
 h - 5 scrolls of blinking
 i - a scroll of fog {unknown}
 j - a scroll of butterflies {unknown}
 k - 2 scrolls of poison {unknown}
 l - a scroll of fear
 m - a scroll of magic mapping {unknown}
 o - 2 scrolls of enchant weapon {unknown}
 r - a scroll of noise
 s - 2 scrolls of teleportation {unknown}
 G - a scroll of amnesia {unknown}
Potions
 e - a potion of heal wounds {unknown}
 f - 3 potions of lignification
 n - a potion of attraction
 u - 3 potions of haste
 v - 3 potions of cancellation
 A - a potion of brilliance {unknown}
 E - 2 potions of mutation {unknown}


   Skills:
 * Level 6.1 Fighting
 + Level 7.2 Long Blades
 * Level 2.9 Throwing
 + Level 4.6 Armour
 - Level 3.0 Dodging
 - Level 1.0 Shields
 - Level 1.0 Evocations


You had 7 spell levels left.
You didn't know any spells.
Your spell library contained the following spells:

 Spells                   Type           Power      Damage    Failure   Level
 Slow                     Hex            0%         N/A       96%         1
 Confusing Touch          Hex            0%         N/A       100%        3
 Dazzling Flash           Conj/Hex       0%         N/A       100%        3
 Vampiric Draining        Necr           0%         2d6       100%        3
 Volatile Blastmotes      Fire/Tloc      0%         2d10      100%        3
 Iskenderun's Mystic Bla  Conj/Tloc      0%         2d3       100%        4
 Starburst                Conj/Fire      0%         6d3       100%        6


Dungeon Overview and Level Annotations

Branches:
Dungeon (8/15)             Temple (0/1) D:4
   Lair: D:8-11

Altars:
Ashenzari
Hepliaklqana
Kikubaaqudgha
Qazlal
Ru
Trog
Wu Jian
Xom
The Shining One

Shops:
D:1 =   D:3 (   D:6 :


Innate Abilities, Weirdness & Mutations

You are immune to sickness and miasma.
Your stone body is resilient. (AC +5)
You are immune to poison.
You resist negative energy. (rN+)
You are resistant to electric shocks. (rElec)
You are resistant to unholy torment.
You are immune to petrification.


Message History

You hit the boulder beetle.
The boulder beetle is lightly wounded.
The boulder beetle bites you.
You hit the boulder beetle but do no damage.
The boulder beetle is poisoned.
The boulder beetle is lightly wounded.
The boulder beetle bites you.
You hit the boulder beetle but do no damage.
The boulder beetle looks as sick as possible!
The boulder beetle is lightly wounded.
You block the boulder beetle's attack.
You hit the boulder beetle but do no damage.
The boulder beetle looks as sick as possible!
The boulder beetle is lightly wounded.
The boulder beetle bites you but does no damage.
You hit the boulder beetle but do no damage.
The boulder beetle looks as sick as possible!
The boulder beetle is lightly wounded.
You hit the boulder beetle but do no damage.
The boulder beetle looks as sick as possible!
The boulder beetle is moderately wounded.
The boulder beetle bites you!
You hit the boulder beetle but do no damage.
The boulder beetle looks as sick as possible!
The boulder beetle is moderately wounded.
The boulder beetle bites you!
You hit the boulder beetle but do no damage.
The boulder beetle looks as sick as possible!
The boulder beetle is moderately wounded.
The boulder beetle barely misses you.
Unknown command.
Really quaff the potion of lignification? [Y]es or [N]o only, please.
Really quaff the potion of lignification?
Okay, then.
You hit the boulder beetle but do no damage.
The boulder beetle looks as sick as possible!
The boulder beetle is heavily wounded.
The boulder beetle bites you!!
You die...

###+##
#....+
+°...#
#B@..#
#...##
##+##


You could see a boulder beetle (extremely poisoned).

Vanquished Creatures
  Sigmund (D:2)
  Duvessa (D:6)
  3 black bears
  2 ogres
  A centaur (D:7)
  A lemure (D:7)
  A bullfrog (D:6)
  Dowan (D:6)
  2 jellies
  4 hounds
  2 sleepcaps
  2 orc priests
  2 iguanas
  Jessica (D:3)
  3 orc wizards (D:4)
  10 gnolls
  5 adders
  A white imp (D:5)
  A worm (D:3)
  2 dart slugs
  15 orcs
  4 bats
  5 endoplasms
  A giant cockroach (D:1)
  4 goblins
  2 hobgoblins (D:4)
  4 jackals (D:4)
  4 quokkas
  11 ball pythons
  3 frilled lizards
  8 kobolds
  4 rats
111 creatures vanquished.

Notes
Turn   | Place    | Note
-------+----------+-------------------------------------------
     0 | D:1      | dialectric the Gargoyle Gladiator began the quest for the
                  | Orb.
     0 | D:1      | Reached XP level 1. HP: 12/12 MP: 1/1
   181 | D:1      | Reached XP level 2. HP: 18/18 MP: 2/2
   638 | D:1      | Found Vecae's Jewellery Emporium.
   654 | D:1      | Reached skill level 3 in Long Blades
   769 | D:2      | Noticed Sigmund
  1035 | D:2      | Reached XP level 3. HP: 22/22 MP: 3/3
  1039 | D:1      | Reached skill level 1 in Armour
  1466 | D:3      | Reached XP level 4. HP: 25/27 MP: 4/4
  1562 | D:3      | Noticed Jessica
  1570 | D:3      | Killed Jessica
  1571 | D:3      | Reached skill level 1 in Shields
  1584 | D:3      | Found Nituemuv's Weapon Shoppe.
  1610 | D:3      | Found a faded altar of an unknown god.
  1650 | D:3      | Prayed at the altar of an unknown god.
  1650 | D:3      | Became a worshipper of Qazlal Stormbringer
  1650 | D:3      | Reached * piety under Qazlal
  1665 | D:3      | Found a bloodstained altar of Trog.
  1935 | D:3      | Found an ornate altar of the Wu Jian Council.
  1935 | D:3      | Found a sacrificial altar of Ru.
  2257 | D:4      | Reached XP level 5. HP: 15/31 MP: 5/5
  2267 | D:4      | Reached skill level 4 in Long Blades
  2689 | D:4      | Reached XP level 6. HP: 14/36 MP: 6/6
  3170 | D:4      | Found a stormy altar of Qazlal.
  3237 | D:4      | Found a staircase to the Ecumenical Temple.
  3270 | D:4      | Reached skill level 5 in Long Blades
  3270 | D:4      | Reached skill level 1 in Evocations
  3447 | D:5      | Entered Level 5 of the Dungeon
  3540 | D:5      | Reached XP level 7. HP: 34/41 MP: 7/7
  3567 | D:5      | Reached ** piety under Qazlal
  3768 | D:5      | Found a hazy altar of Hepliaklqana.
  3967 | D:5      | Found a shimmering altar of Xom.
  4426 | D:5      | Found an ancient bone altar of Kikubaaqudgha.
  4450 | D:5      | Reached skill level 6 in Long Blades
  4853 | D:2      | Killed Sigmund
  4854 | D:2      | Reached skill level 5 in Fighting
  4854 | D:2      | Reached XP level 8. HP: 48/49 MP: 8/8
  5491 | D:6      | Found Eplacota's Vocational Training.
  5632 | D:6      | Noticed Duvessa
  5633 | D:6      | Noticed Dowan
  5743 | D:6      | Found a broken altar of Ashenzari.
  6179 | D:6      | Found a glowing golden altar of the Shining One.
  6354 | D:6      | Killed Duvessa
  6355 | D:6      | Reached skill level 7 in Long Blades
  6375 | D:6      | Killed Dowan
  6719 | D:8      | Noticed a boulder beetle
  6729 | D:8      | Slain by a boulder beetle

Illustrated notes

Levels and vault maps discovered:
D:1:      psy_arrival_terrarium, layout_basic, serial_shops, shop,
          minmay_small_reverse_x
D:2:      layout_loops_ring, kennysheep_generic_room_12, uniq_sigmund
D:3:      layout_loops_ring, mainiacjoe_overflow_catwalk,
          gammafunk_temple_overflow_pools, hellmonk_ecumenical_altar_crossroads,
          serial_shops, shop, chequers_serial_rivers_small_a,
          kennysheep_generic_room_4, uniq_jessica
D:4:      layout_basic, mainiacjoe_overflow_small_starburst, tgw_sif,
          minmay_temple_entry_antechambers, dreamdust_wishing_well,
          minmay_gold_behind_fungi
D:5:      layout_basic, mainiacjoe_overflow_brackets,
          lemuel_coloured_pillars_altar, nzn_hepliaklqana_mist_gate,
          grunt_tough_drop
D:6:      minmay_klotski, layout_cave_pools, ashenzari_altar_1, tso_metal_star,
          supply_closet_lemuel, minmay_misc_feat_room,
          minmay_misc_feat_enclosed, nicolae_shop_vocational, uniq_duvessa
D:7:      layout_basic, serial_bayou_ford_a, uniq_pikel, uniq_crazy_yiuf_cottage
D:8:      layout_gridville, nicolae_elyvilon_temple_path, pf_guarded_unrand_meek

Skill      XL: |  1  2  3  4  5  6  7  8 |
---------------+-------------------------+-----
Long Blades    | 3 4 5 6 7 |  7.2
Armour         | 1 2 3 4 |  4.6
Dodging        | 3 |  3.0
Shields        | 1 |  1.0
Fighting       | 3 5 6 |  6.1
Evocations     | 1 |  1.0
Throwing       | 2 |  2.9

Action                     |  1- 3 |  4- 6 |  7- 9 || total
---------------------------+-------+-------+-------++-------
  Melee: Long sword        |   127 |   197 |   145 ||   469
         Punch             |       |     1 |     1 ||     2
         Dagger            |       |       |    20 ||    20
  Throw: Javelin           |     1 |     1 |     1 ||     3
         Throwing net      |     1 |       |     2 ||     3
  Evoke: Wand              |       |     9 |       ||     9
    Use: Scroll            |       |     1 |     5 ||     6
         Potion            |       |     1 |     3 ||     4
   Stab: Sleeping          |     2 |       |       ||     2
         Held in net/web   |       |       |     1 ||     1
 Armour: Leather armour    |    75 |    71 |    34 ||   180
         Skin              |       |    11 |       ||    11
         Chain mail        |       |       |    48 ||    48
  Dodge: Dodged            |    98 |    94 |    73 ||   265
  Block: Other             |    32 |    64 |    63 ||   159
         Reflection        |       |       |     5 ||     5
